 Dungeon Crawl Stone Soup version 0.23.2-40-g277498a001 (webtiles) character file.

Game seed: 4127427415438294485

145 Exodus22XD the Magician (level 5, 0/28 HPs)
             Began as a Deep Elf Wizard on Aug 28, 2019.
             Was an Initiate of Sif Muna.
             Succumbed to a killer bee's poison
             ... on level 3 of the Dungeon.
             The game lasted 00:10:36 (2527 turns).

Exodus22XD the Magician (Deep Elf Wizard)           Turns: 2527, Time: 00:10:37

Health: 0/28       AC:  4    Str:  4    XL:     5   Next: 6%
Magic:  0/13       EV: 13    Int: 24    God:    Sif Muna [......]
Gold:   108        SH:  0    Dex: 13    Spells: 1/12 levels left

rFire    . . .     SeeInvis .   l - +0 short sword
rCold    . . .     Gourm    .   (no shield)
rNeg     . . .     Faith    .   a - +0 robe
rPois    .         Spirit   .   b - +0 hat
rElec    .         Reflect  .   g - +0 cloak
rCorr    .         Harm     .   j - +0 pair of gloves
MR       .....                  (no boots)
Stlth    ++........             (no amulet)
HPRegen  0.09/turn              (no ring)
MPRegen  0.13/turn              (no ring)

@: lethally poisoned (0 -> -7), very slightly contaminated, invisible
A: no striking features
a: Renounce Religion


You were on level 3 of the Dungeon.
You worshipped Sif Muna.
Sif Muna was noncommittal.
You were not hungry.

You visited 1 branch of the dungeon, and saw 3 of its levels.

You collected 108 gold pieces.

Inventory:

Hand Weapons
 l - a +0 short sword (weapon)
Armour
 a - a +0 robe (worn)
 b - a +0 hat (worn)
 g - a +0 cloak (worn)
 j - a +0 pair of gloves (worn)
Scrolls
 e - 2 scrolls of random uselessness {unknown}
 f - 4 scrolls of identify {unknown}
 h - 4 scrolls of teleportation {unknown}
 i - a scroll of enchant armour {unknown}
 k - 3 scrolls of remove curse {unknown}
 r - a scroll of immolation {unknown}
Potions
 c - a potion of invisibility
 m - 2 potions of agility {unknown}
 n - a potion of resistance {unknown}
 o - 2 potions of degeneration {unknown}
 q - a potion of magic {unknown}
Comestibles
 d - 7 rations
 p - a chunk of flesh


   Skills:
 - Level 2.4 Dodging
 - Level 2.4 Stealth
 - Level 4.4 Spellcasting
 - Level 4.4 Conjurations
 - Level 3.1 Summonings
 - Level 1.1 Translocations
 * Level 0.3 Fire Magic


You had one spell level left.
You knew the following spells:

 Your Spells              Type           Power        Failure   Level  Hunger
a - Magic Dart            Conj           ####         1%          1    None
b - Call Imp              Summ           ###.....     4%          2    None
c - Blink                 Tloc           N/A          9%          2    None
d - Conjure Flame         Conj/Fire      ###.....     11%         3    ##.....
e - Mephitic Cloud        Conj/Pois/Air  ##......     16%         3    ##.....

Your spell library contained the following spells:

 Spells                   Type           Power        Failure   Level  Hunger
 Slow                     Hex            #.......     14%         2    None


Dungeon Overview and Level Annotations

Branches:
Dungeon (3/15)

Altars:
Kikubaaqudgha
Sif Muna


Message History

Your white imp dies!
There is an open door here.
The killer bee stings you but does no damage.
There is an open door here.
The killer bee closely misses you. The killer bee closely misses you.
The killer bee stings you.
* * * LOW HITPOINT WARNING * * *
You are lethally poisoned!
The killer bee poisons you!
Casting: Call Imp (safe; 4% risk of failure)
Confirm with . or Enter, or press ? or * to list all spells.
A beastly little devil appears in a puff of flame.
* * * LOW HITPOINT WARNING * * *
You feel sick. The killer bee stings you.
* * * LOW HITPOINT WARNING * * *
The killer bee stings you but does no damage.
It was a potion of invisibility.
You fade into invisibility!
You die...

...
#########...#
...
##......###..##
#.........#...#
#.........##..#
#.........##.>#
..
#.........###.#
. #.........#
#.# .
#.......#####.#
.
##......yyy@5.#
#
#......#######
# #......# #
####'### ###
#.#
y.########.#
#.##y.y..y.#
...#y#######
#.##.#


You could see 3 killer bees and a friendly crimson imp.

Vanquished Creatures
  An orc priest (D:3)
  An orc wizard (D:3)
  4 adders (D:2)
  A dart slug (D:1)
  A leopard gecko (D:2)
  7 orcs (D:3)
  2 giant cockroaches
  2 goblins
  6 hobgoblins
  3 jackals (D:1)
  7 bats
  4 frilled lizards (D:1)
  6 kobolds
  6 rats
51 creatures vanquished.

Notes
Turn   | Place    | Note
-------+----------+-------------------------------------------
     0 | D:1      | Exodus22XD the Deep Elf Wizard began the quest for the Orb.
     0 | D:1      | Reached XP level 1. HP: 10/10 MP: 7/7
   278 | D:1      | Reached XP level 2. HP: 15/15 MP: 5/9
  1211 | D:2      | Reached XP level 3. HP: 19/19 MP: 6/10
  1280 | D:2      | Found an ancient bone altar of Kikubaaqudgha.
  1738 | D:2      | Reached XP level 4. HP: 24/24 MP: 8/12
  1742 | D:2      | Learned a level 2 spell: Call Imp
  1745 | D:2      | Learned a level 2 spell: Blink
  1749 | D:2      | Learned a level 3 spell: Conjure Flame
  1753 | D:2      | Learned a level 3 spell: Mephitic Cloud
  2238 | D:3      | Reached XP level 5. HP: 21/28 MP: 2/13
  2345 | D:3      | Found a deep blue altar of Sif Muna.
  2353 | D:3      | Became a worshipper of Sif Muna the Loreminder
  2526 | D:3      | HP: 1/28 [killer bee (5)]
  2527 | D:3      | Succumbed to a killer bee's poison

Skill      XL: |  1  2  3  4 |
---------------+-------------+-----
Conjurations   | 2 3 4 |  4.4
Summonings     | 3 |  3.1
Dodging        | |  2.4
Stealth        | |  2.4
Spellcasting   | |  4.4
Translocations | |  1.1
Fire Magic     | |  0.3

Action                   |  1- 3 |  4- 6 || total
-------------------------+-------+-------++-------
Melee: Short sword       |     1 |       ||     1
 Cast: Magic Dart        |    82 |    37 ||   119
       Conjure Flame     |       |     2 ||     2
       Mephitic Cloud    |       |     1 ||     1
       Call Imp          |       |     2 ||     2
  Use: Potion            |       |     1 ||     1
  Eat: Chunk             |     2 |     3 ||     5
Armor: Robe              |     5 |     2 ||     7
Dodge: Dodged            |     9 |    10 ||    19
